 Dungeon Crawl Stone Soup version 0.24.0-29-g8ce449bc06 (webtiles) character file.

Game seed: 13210224591807866781, levelgen mode: deterministic

12222 Curus the Cruncher (level 11, -2/97 HPs)
             Began as a Minotaur Gladiator on Nov 15, 2019.
             Was a Priest of Makhleb.
             Slain by a blink frog (11 damage)
             ... on level 2 of the Lair of Beasts.
             The game lasted 00:32:15 (8002 turns).

Curus the Cruncher (Minotaur Gladiator)             Turns: 8002, Time: 00:32:16

Health: -2/97      AC:  9    Str: 22    XL:     11   Next: 59%
Magic:  6/6        EV: 18    Int:  7    God:    Makhleb [***...]
Gold:   329        SH:  0    Dex: 18    Spells: 10/10 levels left

rFire    . . .     SeeInvis .   a - +2 quarterstaff
rCold    + . .     Gourm    +   (shield currently unavailable)
rNeg     . . .     Faith    .   w - +0 troll leather armour
rPois    +         Spirit   .   h - +2 hat
rElec    .         Reflect  .   (no cloak)
rCorr    .         Harm     .   y - +0 pair of gloves
MR       .....     Rnd*Tele +   C - +1 pair of boots "Ykiraq" {+Inv MP-9 Str+3 Dex+5}
Stlth    +.........             e - amulet of the gourmand
HPRegen  0.66/turn              A - ring of teleportation (curse)
MPRegen  0.10/turn              E - ring of poison resistance

@: no status effects
A: retaliatory headbutt, horns 2, talons 1, cold resistance 1
a: Minor Destruction, Lesser Servant of Makhleb, Renounce Religion, Evoke
Invisibility


You were on level 2 of the Lair of Beasts.
You worshipped Makhleb.
Makhleb was most pleased with you.
You were hungry.

You visited 3 branches of the dungeon, and saw 12 of its levels.
You also visited: Ossuary.

You collected 654 gold pieces.
You spent 325 gold pieces at shops.

Inventory:

Hand Weapons
 a - a +2 quarterstaff (weapon)
Missiles
 d - 5 throwing nets (quivered)
Armour
 b - a +3 leather armour
 c - a +1 hat
 h - a +2 hat (worn)
 p - a +1 pair of boots of flying
 w - a +0 troll leather armour (worn)
 y - a +0 pair of gloves (worn)
 C - the +1 pair of boots "Ykiraq" (worn) {+Inv MP-9 Str+3 Dex+5}
   (You found it on level 7 of the Dungeon)

   It affects your strength (+3).
   It affects your dexterity (+5).
   It affects your magic capacity (-9).
   It lets you turn invisible.
Jewellery
 e - an amulet of the gourmand (around neck)
 j - a +5 ring of protection
 z - the ring "Xusyetze" {rC+ MP+9 Dex+4}
   (You found it on level 6 of the Dungeon)

   [ring of protection from cold]

   It affects your dexterity (+4).
   It protects you from cold.
   It affects your magic capacity (+9).
 A - a cursed ring of teleportation (left hand)
 D - an uncursed ring of stealth
 E - a ring of poison resistance (right hand)
 G - an uncursed amulet of guardian spirit
 H - an uncursed ring of positive energy
 J - an uncursed ring of resist corrosion
Wands
 i - a wand of random effects (17)
 k - a wand of polymorph (10)
 t - a wand of flame (10)
 x - a wand of digging (8)
Scrolls
 o - 3 scrolls of magic mapping
 q - 7 scrolls of identify
 s - 3 scrolls of teleportation
 u - a scroll of fear
 v - a scroll of fog
 B - a scroll of amnesia
 I - a scroll of blinking
Potions
 g - 7 potions of curing
 l - 4 potions of might
 m - 3 potions of heal wounds
 n - a potion of cancellation
 r - a potion of brilliance
 F - a potion of berserk rage
Comestibles
 f - 28 rations


   Skills:
 - Level 9.2 Fighting
 - Level 14.0 Staves
 - Level 2.0 Throwing
 - Level 8.8 Dodging
 + Level 6.9 Invocations
 + Level 6.3 Evocations


You had 10 spell levels left.
You didn't know any spells.
Your spell library contained the following spells:

 Spells                   Type           Power        Failure   Level  Hunger
 Confusing Touch          Hex            #.....       47%         1    ##.....
 Corona                   Hex            #......      47%         1    ##.....
 Ensorcelled Hibernation  Hex/Ice        #.....       63%         2    ###....
 Confuse                  Hex            #.......     85%         3    ####...
 Dazzling Spray           Conj/Hex       #.....       85%         3    ####...
 Gell's Gravitas          Tloc           #.........   85%         3    ####...
 Tukima's Dance           Hex            #.......     85%         3    ####...
 Leda's Liquefaction      Hex/Erth       #.........   99%         4    #####..
 Petrify                  Tmut/Erth      #.......     99%         4    #####..
 Bolt of Magma            Conj/Fire/Erth #.........   100%        5    ######.
 Metabolic Englaciation   Hex/Ice        #.........   100%        5    ######.
 Yara's Violent Unravell  Hex/Tmut       #.........   100%        5    ######.
 Iron Shot                Conj/Erth      #.........   100%        6    #######
 Statue Form              Tmut/Erth      #........    100%        6    #######
 Shatter                  Erth           #.........   100%        9    #######


Dungeon Overview and Level Annotations

Branches:
Dungeon (9/15)             Temple (1/1) D:5            Lair (2/6) D:9
Ossuary (visited)
  Swamp: Lair:2-4    Shoals: Lair:2-4     Snake: Lair:2-4    Spider: Lair:2-4
    Orc: D:9-12

Altars:
Ashenzari
Cheibriados
Dithmenos
Fedhas
Gozag
Hepliaklqana
Kikubaaqudgha
Makhleb
Nemelex Xobeh
Qazlal
Ru
Trog
Uskayaw
Wu Jian
Xom
Zin
The Shining One

Shops:
D:9 *


Innate Abilities, Weirdness & Mutations

You reflexively headbutt those who attack you in melee.
You have a pair of horns on your head.
You have sharp toenails.
Your flesh is cold resistant. (rC+)


Message History

You hit the komodo dragon.
The komodo dragon is moderately wounded.
The blink frog closely misses you. The komodo dragon barely misses you.
You furiously retaliate!
You headbutt the komodo dragon!
You hit the komodo dragon but do no damage.
The komodo dragon is heavily wounded.
The blink frog barely misses you.
You hit the blink frog. You headbutt the blink frog.
The blink frog is moderately wounded.
The komodo dragon bites you but does no damage.
The blink frog hits you!
* * * LOW HITPOINT WARNING * * *
A demon appears!
The komodo dragon completely misses you.
You furiously retaliate!
You headbutt the komodo dragon. You miss the blink frog.
Your headbutt misses the blink frog.
The blink frog is heavily wounded.
The komodo dragon bites you but does no damage.
The blink frog blinks!
The blink frog hits you!
You die...

......
.................
.......
........[.........
.......
..................
.......
..................
#.....
..................
#.....
.......§..§......<
.....
........##F..P....
.#
.......F.l+#P.#P..
##....@##4...+
.........#.....#
..##...........P.
#....##........
#....# .####P..
#....# .# P ......
.. .......


You could see a komodo dragon and 2 blink frogs.

Vanquished Creatures
  2 hydras (Lair:2)
  Harold (D:9)
  Pikel (D:9)
  A deep elf mage (D:7)
  A black mamba (Lair:2)
  2 spiny frogs (Lair:2)
  A komodo dragon (Lair:1)
  2 trolls
  A hornet (D:7)
  2 hippogriffs
  2 wyverns
  11 yaks (Lair:2)
  Eustachio (D:6)
  A basilisk (Lair:1)
  2 water moccasins
  6 porcupines
  2 phantoms
  A slave (D:9)
  5 orc warriors
  2 ice beasts (D:6)
  7 wolves
  2 black bears
  5 ogres
  2 centaurs
  2 crocodiles
  7 bullfrogs
  2 water moccasin zombies (Ossuary)
  A scorpion (D:9)
  3 crimson imps
  A human zombie (D:4)
  A centaur zombie (D:5)
  3 hounds
  4 orc priests
  Jessica (D:3)
  10 orc wizards
  An iguana (D:5)
  Ijyb (D:3)
  6 worker ants
  5 big kobold zombies (Ossuary)
  3 mummies
  4 gnolls (D:2)
  7 adders
  2 shadow imps
  6 oozes
  8 adder zombies
  A worm (D:7)
  4 leopard geckos
  44 orcs
  5 giant cockroaches
  4 goblins
  3 hobgoblins
  13 jackals
  2 quokkas (D:3)
  2 ball pythons
  5 bats
  5 frilled lizards
  5 gnoll zombies (Ossuary)
  8 hobgoblin zombies
  A jackal zombie (D:4)
  9 kobolds
  7 kobold zombies
  A leopard gecko skeleton (D:7)
  3 orc zombies
  A quokka skeleton (D:4)
  7 rats
271 creatures vanquished.

Notes
Turn   | Place    | Note
-------+----------+-------------------------------------------
     0 | D:1      | Curus the Minotaur Gladiator began the quest for the Orb.
     0 | D:1      | Reached XP level 1. HP: 18/18 MP: 0/0
    37 | D:1      | Reached skill level 4 in Staves
    51 | D:1      | Reached XP level 2. HP: 25/25 MP: 1/1
   151 | D:1      | Reached skill level 5 in Staves
   296 | D:1      | Reached XP level 3. HP: 29/30 MP: 2/2
   719 | D:2      | Reached skill level 6 in Staves
   719 | D:2      | Reached XP level 4. HP: 22/37 MP: 3/3
   909 | D:2      | Found a shimmering altar of Xom.
  1340 | D:3      | Noticed Jessica
  1355 | D:3      | Killed Jessica
  1470 | D:3      | Reached XP level 5. HP: 42/42 MP: 4/4
  1472 | D:3      | Reached skill level 7 in Staves
  1484 | D:3      | Noticed Ijyb
  1513 | D:3      | Killed Ijyb
  1615 | D:3      | Found a shattered altar of Ashenzari.
  1761 | D:3      | Reached skill level 8 in Staves
  1768 | D:3      | Reached XP level 6. HP: 33/50 MP: 5/5
  1961 | D:4      | Reached skill level 9 in Staves
  2219 | D:4      | Found a shadowy altar of Dithmenos.
  2430 | D:4      | Found a sand-covered staircase.
  2455 | Ossuary  | Entered an ossuary
  2478 | Ossuary  | Reached XP level 7. HP: 43/56 MP: 6/6
  2541 | Ossuary  | Reached skill level 10 in Staves
  2676 | Ossuary  | Identified a scroll of acquirement
  2684 | Ossuary  | Gained mutation: You can translocate small distances at
                  | will. [potion of mutation]
  2684 | Ossuary  | Gained mutation: Your body sometimes deteriorates upon
                  | taking damage. [potion of mutation]
  2684 | Ossuary  | Gained mutation: You are partially covered in molten
                  | scales. (AC +2) [potion of mutation]
  2835 | D:5      | Entered Level 5 of the Dungeon
  2888 | D:5      | Found a staircase to the Ecumenical Temple.
  2903 | Temple   | Entered the Ecumenical Temple
  2913 | Temple   | Became a worshipper of Makhleb the Destroyer
  3885 | D:6      | Noticed Eustachio
  3902 | D:6      | Killed Eustachio
  3902 | D:6      | Reached skill level 11 in Staves
  3918 | D:6      | Reached XP level 8. HP: 62/62 MP: 7/7
  3931 | D:6      | Found a sacrificial altar of Ru.
  4274 | D:6      | Reached skill level 12 in Staves
  4480 | D:6      | Found a sparkling altar of Nemelex Xobeh.
  4605 | D:6      | Reached skill level 13 in Staves
  4679 | D:6      | Reached * piety under Makhleb
  4745 | D:6      | Found a hide-covered altar of Uskayaw.
  4767 | D:6      | Reached XP level 9. HP: 54/68 MP: 8/8
  4849 | D:6      | Got a coiled marble ring
  4858 | D:6      | Identified the ring "Xusyetze" {rC+ MP+9 Dex+4} (You found
                  | it on level 6 of the Dungeon)
  5202 | D:7      | Found an ancient bone altar of Kikubaaqudgha.
  5219 | D:7      | Reached skill level 14 in Staves
  5442 | D:7      | Got a pair of spiked boots
  5453 | D:7      | Identified the +1 pair of boots "Ykiraq" {+Inv MP-9 Str+3
                  | Dex+5} (You found it on level 7 of the Dungeon)
  5673 | D:7      | Reached skill level 5 in Dodging
  5691 | D:7      | Noticed a moth of wrath
  5694 | D:7      | Found a bloodstained altar of Trog.
  5813 | D:7      | Found a glowing silver altar of Zin.
  5823 | D:7      | Found a snail-covered altar of Cheibriados.
  5823 | D:7      | Found a stormy altar of Qazlal.
  5824 | D:7      | Found a blossoming altar of Fedhas.
  5826 | D:7      | Found an opulent altar of Gozag.
  5827 | D:7      | Found a glowing golden altar of the Shining One.
  5906 | D:7      | Reached ** piety under Makhleb
  5921 | D:7      | Reached skill level 5 in Fighting
  6063 | D:7      | Found a sacrificial altar of Ru.
  6063 | D:7      | Noticed a deep elf mage
  6070 | D:7      | Noticed a jumping spider
  6070 | D:7      | Noticed a jumping spider
  6070 | D:7      | Killed a deep elf mage
  6207 | D:8      | Noticed a troll
  6222 | D:8      | Killed a troll
  6263 | D:8      | Reached XP level 10. HP: 86/86 MP: 0/9
  6461 | D:8      | Lost mutation: You are partially covered in molten scales.
                  | (AC +2) [potion of mutation]
  6461 | D:8      | Lost mutation: Your body sometimes deteriorates upon taking
                  | damage. [potion of mutation]
  6461 | D:8      | Lost mutation: You can translocate small distances at will.
                  | [potion of mutation]
  6461 | D:8      | Gained mutation: You have sharp toenails. [potion of
                  | mutation]
  6461 | D:8      | Gained mutation: Your flesh is cold resistant. (rC+)
                  | [potion of mutation]
  6513 | D:9      | Noticed Pikel
  6527 | D:9      | Killed Pikel
  6550 | D:9      | Noticed Harold
  6570 | D:9      | Killed Harold
  6676 | D:9      | Found Joivuewe's General Store.
  6695 | D:9      | Bought a potion of berserk rage for 65 gold pieces
  6695 | D:9      | Bought an uncursed ring of positive energy for 260 gold
                  | pieces
  6706 | D:9      | Found a staircase to the Lair.
  6728 | Lair:1   | Entered Level 1 of the Lair of Beasts
  6736 | Lair:1   | Reached skill level 1 in Invocations
  6736 | Lair:1   | Reached skill level 1 in Evocations
  6847 | Lair:1   | Reached *** piety under Makhleb
  7491 | Lair:2   | Noticed a spiny frog
  7499 | Lair:2   | Killed a spiny frog
  7499 | Lair:2   | Reached XP level 11. HP: 97/97 MP: 2/13
  7699 | Lair:2   | Reached skill level 5 in Invocations
  7721 | Lair:2   | Reached skill level 5 in Evocations
  7889 | Lair:2   | Noticed a six-headed hydra
  7899 | Lair:2   | Killed a six-headed hydra
  7910 | Lair:2   | Noticed a seven-headed hydra
  7917 | Lair:2   | Killed a seven-headed hydra
  8002 | Lair:2   | Slain by a blink frog

Levels and vault maps discovered:
D:1:      erik_arrival_gehennom, layout_basic
D:2:      layout_rooms, xom_butterflies
D:3:      layout_basic, lemuel_doored_altar, uniq_jessica, uniq_ijyb
D:4:      layout_gridville, nicolae_dithmenos_through_a_glass_darkly,
          enter_ossuary_3, first_ration, minmay_mini_ossuary
D:5:      layout_layer_cave, minmay_temple_entry_gardened_gates,
          hangedman_decor_push
D:6:      layout_loops_cross, eat_drink_and_be_merry_uskayaw,
          nemelex_xobeh_ov_fountains_minmay, basic_altar, uniq_eustachio
D:7:      layout_loops_corners, kennysheep_mini_moat, minitemple, tgw_trog,
          david_defended_altar_elf
D:8:      layout_rooms, minmay_misc_feat_chi, grunt_ogre_cave
D:9:      layout_loops_ring, dpeg_oklobed_lair, serial_shops, shop_fountains,
          led_sif_book, uniq_pikel, uniq_harold
Temple:   compressed_dpeg_triangle_lava_temple
Lair:1:   layout_regular_city, minivault_11, infiniplex_staircase_pool_2,
          grunt_megastairs_1
Lair:2:   layout_regular_city, guppyfry_snake_entry_garden,
          chequers_serial_rivers_small_b, minivault_19, lemuel_fruit_tree

Skill      XL: |  1  2  3  4  5  6  7  8  9 10 11 |
---------------+----------------------------------+-----
Staves         | 4 5 6 8 9 11 13 14 | 14.0
Fighting       | 7 9 |  9.2
Dodging        | 7 8 |  8.8
Invocations    | 4 6 |  6.9
Evocations     | 3 6 |  6.3
Throwing       | |  2.0

Action                   |  1- 3 |  4- 6 |  7- 9 | 10-12 || total
-------------------------+-------+-------+-------+-------++-------
Melee: Quarterstaff      |    61 |   191 |   376 |   253 ||   881
       Headbutt          |     7 |    22 |    75 |    75 ||   179
Throw: Throwing net      |       |       |     1 |       ||     1
Invok: Minor Destruction |       |       |       |     4 ||     4
       Lesser Servant of |       |       |       |     1 ||     1
Evoke: Wand              |       |       |     2 |     2 ||     4
  Use: Scroll            |     5 |    10 |     6 |     1 ||    22
       Potion            |     1 |     5 |     3 |     2 ||    11
 Stab: Sleeping          |     1 |       |     2 |     1 ||     4
  Eat: Chunk             |       |     5 |    12 |     3 ||    20
       Ration            |       |       |     1 |       ||     1
Armor: Leather armour    |    20 |    53 |    86 |     4 ||   163
       Skin              |       |     7 |       |     1 ||     8
       Troll leather arm |       |       |       |    38 ||    38
Dodge: Dodged            |    54 |   106 |   161 |   144 ||   465
